 Dungeon Crawl Stone Soup version 0.29-a0-284-gf9362112df (webtiles) character file.

Game seed: 4195322068198431246

573 ooooo the Conjurer (level 7, -20/41 HPs)
             Began as an Octopode Conjurer on Mar 15, 2022.
             Was an Initiate of Gozag.
             Killed from afar by Ijyb (33 damage)
             ... with a bolt of acid
             ... on level 5 of the Dungeon.
             The game lasted 00:09:58 (5661 turns).

ooooo the Conjurer (Octopode Conjurer)              Turns: 5661, Time: 00:09:59

Health: -20/41     AC: -7    Str:  6    XL:     7   Next: 34%
Magic:  13/15      EV: 14    Int: 22    God:    Gozag
Gold:   229        SH:  0    Dex: 23    Spells: 11/17 levels left

rFire   . . .      SeeInvis .   g - +1 whip (elec)
rCold   + . .      Faith    .   (no shield)
rNeg    . . .      Spirit   .   (helmet restricted)
rPois   .          Reflect  .   d - amulet of magic regeneration
rElec   .          Harm     .   t - ring of protection from cold
rCorr   .          Rampage  .   s - +6 ring of dexterity
Will    .....                   u - +6 ring of dexterity
Stlth   ++++......              (no ring)
HPRegen 0.13/turn               (no ring)
MPRegen 0.54/turn               (no ring)
                                (no ring)
                                (no ring)

@: corroded
A: almost no armour, amphibious, 8 rings, camouflage 1, gelatinous body 1,
(nimble swimmer 1), tentacles
a: Renounce Religion, Potion Petition, Call Merchant, Bribe Branch


You were on level 5 of the Dungeon.
You worshipped Gozag.
Gozag was aware of your devotion.
You visited 2 branches of the dungeon, and saw 6 of its levels.

You collected 324 gold pieces.
You paid 95 gold pieces to Gozag.

Inventory:

Hand Weapons
 b - a +0 dagger
 g - a +1 whip of electrocution (weapon)
Missiles
 h - 7 poisoned darts
 i - 170 stones
 j - 2 atropa-tipped darts
Armour
 q - an orb of guile
Magical Staves
 z - a staff of air
Jewellery
 d - an amulet of magic regeneration (around mantle)
 s - a +6 ring of dexterity (right tentacle)
 t - a ring of protection from cold (left tentacle)
 u - a +6 ring of dexterity (on tentacle)
 y - an amulet of faith
Wands
 w - a wand of polymorph (6)
Scrolls
 l - a scroll of torment
 n - 2 scrolls of teleportation
 p - a scroll of amnesia
 x - 2 scrolls of enchant weapon
Potions
 a - a potion of magic
 m - a potion of curing
 o - a potion of might {unknown}
 r - 2 potions of haste
 B - a potion of ambrosia {unknown}
 C - a potion of attraction {unknown}


   Skills:
 - Level 2.0 Dodging
 - Level 2.6 Stealth
 * Level 5.7 Spellcasting
 + Level 6.3 Conjurations


You had 11 spell levels left.
You knew the following spells:

 Your Spells              Type           Power      Damage    Failure   Level
a - Searing Ray           Conj           68%        2d6       1%          2
b - Fulminant Prism       Conj/Hex       10%        3d9       26%         4

Your spell library contained the following spells:

 Spells                   Type           Power      Damage    Failure   Level
 Magic Dart               Conj           100%       1d8       1%          1
 Shock                    Conj/Air       80%        1d8       2%          1
 Dazzling Flash           Conj/Hex       40%        N/A       8%          3
 Freeze                   Ice            24%        1d5       10%         1
 Ensorcelled Hibernation  Hex/Ice        12%        N/A       14%         2
 Hailstorm                Conj/Ice       20%        3d6       26%         4
 Iskenderun's Mystic Bla  Conj/Tloc      20%        2d6       26%         4
 Frozen Ramparts          Ice            12%        1d3       28%         3
 Spider Form              Tmut/Pois      6%         N/A       28%         3
 Swiftness                Air            6%         N/A       28%         3
 Airstrike                Air            3%         N/A       67%         4
 Anguish                  Hex/Necr       3%         N/A       67%         4
 Haunt                    Necr/Summ      3%         N/A       100%        7


Dungeon Overview and Level Annotations

Branches:
Dungeon (5/15)             Temple (1/1) D:4

Altars:
Cheibriados
Elyvilon
Gozag
Hepliaklqana
Okawaru
Ru
Sif Muna
Vehumet
Wu Jian
Xom
Zin

Shops:
D:2 (*=   D:4 *

Portals:
Abyss: D:3

Annotations:
D:3 2 transporters, Cecur's ghost, amateur FoFi
D:5 1 runed translucent door, Blork the orc; Crazy Yiuf; Ijyb


Innate Abilities, Weirdness & Mutations

You cannot wear most types of armour.
You are amphibious.
You can wear up to eight rings at the same time.
Your skin changes colour to match your surroundings (Stealth+).
Your rubbery body absorbs attacks. (AC +1, EV +1)
((You are camouflaged when in or above water. (Stealth+)))
You have tentacles for arms and can constrict up to eight enemies at once.


Message History

* * * LOW HITPOINT WARNING * * *
The searing ray hits the centaur!
You kill the centaur!
You finish channelling your searing ray.
Ijyb zaps a wand.
The bolt of acid misses you.
There is a stone staircase leading up here.
You climb upwards.
There is a stone staircase leading down here.
You start resting.
You start resting.
HP restored.
You start waiting.
Done waiting.
You climb downwards.
Level annotation: 1 runed translucent door, Blork the orc; Crazy Yiuf; Ijyb
There is a stone staircase leading up here.
Casting: Searing Ray (safe; 1% risk of failure)
Confirm with . or Enter, or press ? or * to list all spells.
Aiming: Searing Ray (safe; 1% risk of failure)
Press: ? - help, Shift-Dir - straight line, f - Ijyb
Aim: Ijyb, wielding a +4 club, wearing a +0 leather armour and carrying a wand of acid (12) (76% to hit)
The searing ray hits Ijyb.
Ijyb is lightly wounded. (Press . to maintain the ray.) Ijyb zaps a wand.
The bolt of acid hits you! The acid corrodes you!
The searing ray hits Ijyb.
Ijyb is moderately wounded.
Ijyb zaps a wand.
The bolt of acid hits you!!
Ouch! That really hurt!
* * * LOW HITPOINT WARNING * * *
The acid corrodes you!
The searing ray hits Ijyb!
Ijyb is heavily wounded.
The searing ray hits Ijyb but does no damage.
Ijyb is heavily wounded.
You finish channelling your searing ray.
Ijyb zaps a wand.
The bolt of acid hits you!!
Ouch! That really hurt!
You die...
Your body crumbles into a pile of gold.

##.####...............##
#.## #................# ###
#................#
#...............## #####
#................#######....
##.............#............
##...........####..........
##........g.# ##.........
##......@.## ##........
##.....<## #...###..
###...## ##$.##.g. ##.##
##..#... ### ###......
#........ #..........
#.........<. ......##.....


You could see Ijyb.

Vanquished Creatures
  Sigmund (D:3)
  A centaur (D:5)
  A bullfrog (D:4)
  A necrophage (D:4)
  A jelly (D:3)
  An orc priest (D:4)
  Terence (D:2)
  6 adders
  A worm (D:4)
  4 dart slugs
  An orc (D:4)
  4 bats
  4 endoplasms
  6 giant cockroaches
  6 goblins
  5 hobgoblins
  2 jackals (D:1)
  3 quokkas
  8 ball pythons
  4 frilled lizards
  6 kobolds
  6 rats
73 creatures vanquished.

Notes
Turn   | Place    | Note
-------+----------+-------------------------------------------
     0 | D:1      | ooooo the Octopode Conjurer began the quest for the Orb.
     0 | D:1      | Reached XP level 1. HP: 11/11 MP: 3/3
   414 | D:1      | Reached XP level 2. HP: 14/17 MP: 3/5
   850 | D:1      | Found a faded altar of an unknown god.
  1316 | D:1      | Reached XP level 3. HP: 18/21 MP: 6/6
  1460 | D:1      | Learned a level 2 spell: Searing Ray
  1621 | D:2      | Found Zuyr's Jewellery Boutique.
  1905 | D:2      | Noticed Terence
  1915 | D:2      | Killed Terence
  1916 | D:2      | Reached XP level 4. HP: 10/27 MP: 1/8
  2179 | D:2      | Found Ydigrolu's Assorted Antiques.
  2359 | D:2      | Found Senty's Antique Weapon Shop.
  2606 | D:3      | Noticed Sigmund
  2682 | D:3      | Reached skill level 5 in Conjurations
  2872 | D:3      | Found a one-way gate to the infinite horrors of the Abyss.
  2872 | D:3      | Noticed Cecur's ghost (amateur FoFi)
  2883 | D:3      | Found a transporter.
  3085 | D:3      | Reached XP level 5. HP: 31/31 MP: 7/10
  3106 | D:3      | Learned a level 4 spell: Fulminant Prism
  3322 | D:3      | Killed Sigmund
  3323 | D:3      | Reached XP level 6. HP: 36/36 MP: 7/13
  3373 | D:3      | Found a transporter.
  3501 | D:4      | Reached skill level 5 in Spellcasting
  3510 | D:4      | Reached skill level 6 in Conjurations
  3510 | D:4      | Reached XP level 7. HP: 26/41 MP: 14/14
  3751 | D:4      | Got the Tome of Creative Cold
  4383 | D:4      | Found a staircase to the Ecumenical Temple.
  4428 | Temple   | Entered the Ecumenical Temple
  4561 | Temple   | Became a worshipper of Gozag Ym Sagoz the Greedy
  4606 | D:4      | Found Mipihucw's Assorted Antiques.
  4712 | D:4      | Found a snail-covered altar of Cheibriados.
  4716 | D:4      | Found a shimmering altar of Xom.
  4716 | D:4      | Found a sacrificial altar of Ru.
  4717 | D:4      | Found a shimmering blue altar of Sif Muna.
  4933 | D:5      | Entered Level 5 of the Dungeon
  4933 | D:5      | Noticed Ijyb
  4933 | D:5      | Noticed Blork the orc
  5145 | D:5      | Found a runed translucent door.
  5146 | D:5      | Noticed Crazy Yiuf
  5661 | D:5      | Killed from afar by Ijyb

Illustrated notes

Levels and vault maps discovered:
D:1:      psy_arrival_conway, layout_loops_ring, shapermc_ecumenical_altar_venn,
          hangedman_decor_push
D:2:      layout_rooms, serial_shops, nicolae_shop_window_shopping, shop_coins,
          shop, uniq_terence
D:3:      layout_basic, gammafunk_ghost_abyssal_escape, uniq_sigmund
D:4:      layout_basic, grunt_temple_overflow_open,
          minmay_temple_entry_proselytizer, enter_ossuary_1, serial_shops, shop,
          chequers_serial_rivers_micro_e, minmay_bent
D:5:      layout_cave_pods, uniq_crazy_yiuf_cottage, uniq_ijyb,
          uniq_blork_the_orc, uniq_menkaure, uniq_duvessa
Temple:   regret_index_temple_generic_petals

Skill      XL: |  1  2  3  4  5  6 |
---------------+-------------------+-----
Spellcasting   | 3 4 5 |  5.7
Conjurations   | 5 6 |  6.3
Dodging        | |  2.0
Stealth        | |  2.6

Action                   |  1- 3 |  4- 6 |  7- 9 || total
-------------------------+-------+-------+-------++-------
Melee: Unarmed           |    15 |       |       ||    15
       Constrict         |    11 |    14 |     7 ||    32
       Whip              |    34 |    49 |    27 ||   110
       Tentacles         |     4 |    11 |     7 ||    22
       Dagger            |     1 |       |       ||     1
 Cast: Magic Dart        |     7 |       |       ||     7
       Searing Ray       |     3 |     5 |     2 ||    10
  Use: Scroll            |     5 |     3 |     3 ||    11
       Potion            |     1 |       |     1 ||     2
 Stab: Sleeping          |     9 |     5 |     4 ||    18
Armor: Skin              |     6 |     1 |     1 ||     8
Dodge: Dodged            |    35 |    38 |    14 ||    87

Table legend: (Time is in decaauts)
 A = Elapsed time spent in this place.
 B = Non-inter-level travel time spent in this place.
 C = Inter-level travel time spent in this place.
 D = Time resting spent in this place.
 E = Time spent auto-exploring this place.
 F = Levels seen in this place.
 G = Mean time per level.
                   A        B        C        D        E       F      G
               +--------+--------+--------+--------+--------+-----+--------+
         Total |   5673 |   5369 |    304 |   1065 |   3567 |   6 |  945.5 |
       Dungeon |   5521 |   5265 |    256 |   1065 |   3469 |   5 | 1104.2 |
        Temple |    151 |    103 |     48 |      0 |     98 |   1 |  151.0 |
               +--------+--------+--------+--------+--------+-----+--------+

Top non-repeatable levels by time:
     D:1: 1785 daAuts
     D:4: 1761 daAuts
     D:3: 877 daAuts
     D:2: 811 daAuts
     D:5: 285 daAuts
  Temple: 151 daAuts
